 Dungeon Crawl Stone Soup version 0.27-a0-1525-g1038ab4fd7 (webtiles) character file.

Game seed: 10952176235796745569

4357 pokeman the Thaumaturge (level 10, 0/56 HPs)
             Began as a Deep Elf Hedge Wizard on July 10, 2021.
             Shot with an arrow by a centaur (6 damage)
             ... on level 9 of the Dungeon.
             The game lasted 00:28:19 (11332 turns).

pokeman the Thaumaturge (Deep Elf Hedge Wizard)    Turns: 11332, Time: 00:28:20

Health: 0/56       AC:  7    Str:  7    XL:     10   Next: 12%
Magic:  33/37      EV: 12    Int: 23    God:
Gold:   415        SH:  0    Dex: 14    Spells: 15/33 levels left

rFire    . . .     SeeInvis .   m - staff of death
rCold    . . .     Faith    .   (no shield)
rNeg     + . .     Spirit   .   k - +0 leather armour
rPois    .         Reflect  .   c - +0 hat
rElec    .         Harm     .   C - +0 cloak
rCorr    .         Rampage  .   (no gloves)
Will     +....                  q - +2 pair of boots
Stlth    ++........             H - amulet of magic regeneration
HPRegen  0.18/turn              y - ring of magical power
MPRegen  0.50/turn              (no ring)

@: no status effects
A: no striking features
a: no special abilities


You were on level 9 of the Dungeon.
You visited 2 branches of the dungeon, and saw 10 of its levels.

You collected 415 gold pieces.

Inventory:

Hand Weapons
 p - a +2 dagger of venom
 D - a +1 dagger of electrocution
 E - a +0 hand crossbow
 K - a +0 shortbow of flaming
Missiles
 g - 140 arrows
 F - 29 bolts
 M - 3 curare-tipped darts
Armour
 c - a +0 hat (worn)
 k - a +0 leather armour (worn)
 q - a +2 pair of boots (worn)
 C - a +0 cloak (worn)
 I - +0 acid dragon scales
Magical Staves
 d - a staff of cold
 m - a staff of death (weapon)
Jewellery
 y - a ring of magical power (left hand)
 H - an amulet of magic regeneration (around neck)
Wands
 v - a wand of paralysis (5)
 w - a wand of iceblast (11)
 A - a wand of charming (11)
 B - a wand of flame (45)
Scrolls
 a - 3 scrolls of enchant armour {unknown}
 e - 11 scrolls of identify {unknown}
 i - 2 scrolls of noise {unknown}
 l - 2 scrolls of fog {unknown}
 s - a scroll of brand weapon {unknown}
 t - a scroll of blinking {unknown}
 z - a scroll of immolation {unknown}
 G - a scroll of vulnerability {unknown}
 J - a scroll of enchant weapon {unknown}
 L - a scroll of magic mapping {unknown}
Potions
 b - a potion of might {unknown}
 f - 3 potions of lignification {unknown}
 h - a potion of mutation {unknown}
 j - a potion of resistance {unknown}
 n - 2 potions of degeneration {unknown}
 o - 4 potions of curing
 r - a potion of brilliance {unknown}
 u - 3 potions of haste {unknown}
 x - a potion of invisibility {unknown}


   Skills:
 + Level 3.6 Fighting
 - Level 3.0 Armour
 - Level 3.0 Dodging
 - Level 3.3 Stealth
 * Level 12.3 Spellcasting
 + Level 7.1 Conjurations
 - Level 6.0 Summonings
 + Level 3.7 Necromancy
 - Level 1.1 Translocations
 - Level 1.0 Fire Magic
 - Level 1.4 Air Magic
 - Level 1.1 Poison Magic
 - Level 1.1 Evocations


You had 15 spell levels left.
You knew the following spells:

 Your Spells              Type           Power      Damage    Failure   Level
a - Magic Dart            Conj           100%       1d8       1%          1
b - Mephitic Cloud        Conj/Pois/Air  29%        N/A       5%          3
c - Call Imp              Summ           41%        N/A       1%          2
d - Blink                 Tloc           N/A        N/A       6%          2
e - Conjure Flame         Conj/Fire      32%        6-21      3%          3
f - Haunt                 Necr/Summ      26%        N/A       100%        7

Your spell library contained the following spells:

 Spells                   Type           Power      Damage    Failure   Level
 Beastly Appendage        Tmut           28%        N/A       6%          1
 Slow                     Hex            14%        N/A       10%         2
 Wereblood                Tmut           14%        N/A       10%         2
 Animate Dead             Necr           23%        N/A       14%         4
 Spider Form              Tmut/Pois      8%         N/A       16%         3
 Infestation              Necr           23%        N/A       100%        8


Dungeon Overview and Level Annotations

Branches:
Dungeon (9/15)             Temple (1/1) D:7             Orc (0/2) D:9
   Lair: D:8-11

Altars:
Ashenzari
Cheibriados
Dithmenos
Elyvilon
Fedhas
Gozag
Hepliaklqana
Kikubaaqudgha
Makhleb
Nemelex Xobeh
Okawaru
Qazlal
Ru
Sif Muna
Trog
Uskayaw
Xom
Yredelemnul
Zin
The Shining One

Shops:
D:2 [   D:9 [*[[


Message History

Casting: Mephitic Cloud (dangerous; 5% risk of failure)
Confirm with . or Enter, or press ? or * to list all spells.
Aiming: Magic Dart (safe; 1% risk of failure)
Press: ? - help, Shift-Dir - straight line, f/p - orc priest
Aim: an orc priest, wielding a +0 short sword and carrying a wand of digging (1) (confused, 100% to hit)
The magic dart hits the orc priest.
The orc priest is lightly wounded.
Casting: Magic Dart (safe; 1% risk of failure)
Confirm with . or Enter, or press ? or * to list all spells.
Aiming: Magic Dart (safe; 1% risk of failure)
Press: ? - help, Shift-Dir - straight line, f/p - orc priest
Aim: an orc priest, wielding a +0 short sword and carrying a wand of digging (1) (noxious fumes, lightly wounded, confused, 100% to hit)
The magic dart hits the orc priest.
The orc priest is heavily wounded.
The orc priest is engulfed in noxious fumes.
The orc priest appears confused.
A centaur comes into view. It is wielding a +0 quarterstaff.
Casting: Magic Dart (safe; 1% risk of failure)
Confirm with . or Enter, or press ? or * to list all spells.
Aiming: Magic Dart (safe; 1% risk of failure)
Press: ? - help, Shift-Dir - straight line, f/p - orc priest
Aim: an orc priest, wielding a +0 short sword and carrying a wand of digging (1) (noxious fumes, heavily wounded, confused, 100% to hit)
The magic dart hits the orc priest.
The orc priest is severely wounded.
The centaur shouts!
The centaur unwields a +0 quarterstaff.
The centaur wields a +0 shortbow.
The centaur shoots an arrow.
The arrow hits you!
* * * LOW HITPOINT WARNING * * *
The orc priest is engulfed in noxious fumes.
The orc priest appears confused.
Casting: Magic Dart (safe; 1% risk of failure)
Confirm with . or Enter, or press ? or * to list all spells.
Aiming: Magic Dart (safe; 1% risk of failure)
Press: ? - help, Shift-Dir - straight line, f/p - orc priest
Aim: an orc priest, wielding a +0 short sword and carrying a wand of digging (1) (severely wounded, confused, 100% to hit)
The magic dart hits the orc priest.
You kill the orc priest!
The centaur shoots an arrow.
The arrow closely misses you.
The centaur shoots an arrow.
The arrow hits you.
You die...

##..#
.....##
##'....####
#....c....#
#.........#
##.........#
.....○.....#
+.○.○)..?.#
#.$...@...#
#.........#
...........#
≈.........†#
≈.#+######.#
## ≈ #.## ..
#..# .#
##'## ##.##
#...# #...#


You could see a centaur.

Vanquished Creatures
  Pikel (D:5)
  A deep elf pyromancer (D:8)
  2 centaur zombies (D:7)
  Sigmund (D:3)
  An acid dragon (D:8)
  A water moccasin (D:9)
  6 orc warriors
  2 ogres
  A black bear (D:6)
  2 ice beasts
  A centaur (D:8)
  A phantom (D:6)
  3 kobold brigands
  A bullfrog (D:8)
  A water moccasin zombie (D:7)
  A wyvern skeleton (D:7)
  3 wights (D:6)
  A howler monkey (D:6)
  A bullfrog zombie (D:5)
  2 jellies
  7 orc priests
  A bullfrog skeleton (D:4)
  A gnoll shaman (D:8)
  3 iguanas
  12 orc wizards
  4 killer bee zombies
  A hound zombie (D:5)
  A howler monkey zombie (D:6)
  7 gnolls
  6 adders
  An ufetubus (D:4)
  3 dart slugs
  48 orcs
  7 ball pythons
  6 endoplasms
  3 giant cockroaches
  4 goblins
  10 hobgoblins
  5 jackals (D:2)
  14 kobolds
  A quokka (D:2)
  9 bats
  5 frilled lizards (D:1)
  5 rats
197 creatures vanquished.

Vanquished Creatures (collateral kills)
  An orc (D:9)
  A kobold (D:9)
2 creatures vanquished.

Vanquished Creatures (others)
  6 fungi (D:6)
6 creatures vanquished.

Grand Total: 205 creatures vanquished

Notes
Turn   | Place    | Note
-------+----------+-------------------------------------------
     0 | D:1      | pokeman the Deep Elf Hedge Wizard began the quest for the
                  | Orb.
     0 | D:1      | Reached XP level 1. HP: 10/10 MP: 7/7
   429 | D:1      | Reached XP level 2. HP: 16/16 MP: 5/9
   964 | D:1      | Reached skill level 5 in Spellcasting
  1069 | D:1      | Reached XP level 3. HP: 12/20 MP: 8/11
  1073 | D:1      | Learned a level 3 spell: Mephitic Cloud
  1076 | D:1      | Learned a level 2 spell: Call Imp
  1079 | D:1      | Learned a level 2 spell: Blink
  1083 | D:1      | Learned a level 3 spell: Conjure Flame
  1609 | D:2      | Found a faded altar of an unknown god.
  1801 | D:2      | Found Usuanee's Armour Emporium.
  1828 | D:2      | Reached skill level 1 in Armour
  2045 | D:2      | Reached skill level 1 in Fighting
  2558 | D:3      | Reached XP level 4. HP: 25/25 MP: 9/13
  2591 | D:3      | Found a glowing silver altar of Zin.
  2964 | D:3      | Reached skill level 1 in Fire Magic
  3096 | D:3      | Found a bloodstained altar of Trog.
  3409 | D:3      | Reached skill level 6 in Spellcasting
  3409 | D:3      | Reached XP level 5. HP: 29/29 MP: 4/15
  3611 | D:3      | Noticed Sigmund
  3625 | D:3      | Killed Sigmund
  3626 | D:3      | Reached skill level 1 in Air Magic
  3626 | D:3      | Reached XP level 6. HP: 28/34 MP: 4/17
  4269 | D:4      | Noticed an ice beast
  4279 | D:4      | Killed an ice beast
  4280 | D:4      | Reached skill level 7 in Spellcasting
  4280 | D:4      | Reached skill level 1 in Poison Magic
  4280 | D:4      | Reached skill level 1 in Evocations
  4467 | D:4      | Reached XP level 7. HP: 30/38 MP: 17/20
  4919 | D:5      | Entered Level 5 of the Dungeon
  4925 | D:5      | Found a snail-covered altar of Cheibriados.
  5001 | D:5      | Found a hide-covered altar of Uskayaw.
  5311 | D:5      | Noticed Pikel
  5323 | D:5      | Killed Pikel
  5324 | D:5      | Reached skill level 9 in Spellcasting
  5324 | D:5      | Reached XP level 8. HP: 23/45 MP: 9/23
  5765 | D:5      | Found an iron altar of Okawaru.
  6233 | D:6      | Reached skill level 5 in Conjurations
  6506 | D:6      | Reached skill level 10 in Spellcasting
  7532 | D:7      | Reached XP level 9. HP: 48/49 MP: 25/25
  7670 | D:7      | Found a staircase to the Ecumenical Temple.
  7681 | Temple   | Entered the Ecumenical Temple
  7766 | D:7      | Found a glowing golden altar of the Shining One.
  8083 | D:7      | Learned a level 7 spell: Haunt
  8097 | D:7      | Reached skill level 5 in Summonings
  8343 | D:8      | Reached skill level 11 in Spellcasting
  8343 | D:8      | Reached skill level 1 in Necromancy
  9439 | D:8      | Noticed a deep elf pyromancer
  9674 | D:8      | Killed a deep elf pyromancer
  9675 | D:8      | Reached skill level 12 in Spellcasting
  9884 | D:8      | Found a hazy altar of Hepliaklqana.
 10075 | D:9      | Found Owebewur's Assorted Antiques.
 10075 | D:9      | Found Adeulacw's Armour Emporium.
 10530 | D:8      | Reached XP level 10. HP: 46/56 MP: 28/28
 11133 | D:9      | Found a staircase to the Orcish Mines.
 11242 | D:9      | Found Odeaveot's Antique Armour Emporium.
 11242 | D:9      | Found Cuxoilie's Armour Emporium.
 11332 | D:9      | Shot with an arrow by a centaur

Illustrated notes

Levels and vault maps discovered:
D:1:      nzn_arrival_crosshair, layout_loops_ring, serial_rivers,
          chequers_serial_rivers_small_b, chequers_serial_rivers_large_b,
          chequers_serial_rivers_room_a, chequers_serial_rivers_room_a,
          st_stairs_2, minmay_pentomino_r4
D:2:      layout_basic, hellmonk_ecumenical_altar_run_dry, serial_shops, shop
D:3:      minmay_diamond_boxcup, layout_loops_ring,
          mainiacjoe_overflow_cross_hatched, bloody_trog, minmay_misc_feat_rows,
          grunt_decor_mini_mirrors, uniq_sigmund
D:4:      layout_basic
D:5:      layout_gridville, okawaru_gym_becter,
          mainiacjoe_overflow_catwalk_spiral, minmay_misc_feat_chi, uniq_pikel
D:6:      layout_rooms, serial_aquarium, aquarium_bridge_island_small
          [aquarium_subvault_small_water, aquarium_subvault_wall,
          aquarium_subvault_wall, aquarium_subvault_bridge,
          aquarium_subvault_wall], aquarium_bridge_long_joined
          [aquarium_subvault_bridge, aquarium_subvault_bridge,
          aquarium_subvault_window, aquarium_subvault_window,
          aquarium_subvault_bridge, aquarium_subvault_window],
          aquarium_window_fake, aquarium_window_corner, aquarium_view_2d,
          aquarium_view_2c, aquarium_balcony_3b, aquarium_pool_2
D:7:      layout_basic, mainiacjoe_overflow_catwalk,
          minmay_temple_entry_crystal_x, kennysheep_generic_room_10
D:8:      layout_rooms, minmay_ruined_shrine
D:9:      layout_roguey, hiddenorc2_lemuel, minmay_misc_feat_square,
          nicolae_lava_and_water, minivault_14, minmay_shop_grid_forest,
          uniq_prince_ribbit1
Temple:   zaba_magenta_temple

Skill      XL: |  1  2  3  4  5  6  7  8  9 10 |
---------------+-------------------------------+-----
Spellcasting   | 5 6 7 9 10 12 | 12.3
Armour         | 1 2 3 |  3.0
Conjurations   | 2 3 4 5 6 7 |  7.1
Fighting       | 1 2 3 |  3.6
Fire Magic     | 1 |  1.0
Dodging        | 3 |  3.0
Stealth        | 3 |  3.3
Air Magic      | 1 |  1.4
Poison Magic   | 1 |  1.1
Evocations     | 1 |  1.1
Summonings     | 3 4 5 6 |  6.0
Necromancy     | 3 |  3.7
Translocations | |  1.1

Action                   |  1- 3 |  4- 6 |  7- 9 | 10-12 || total
-------------------------+-------+-------+-------+-------++-------
Melee: Staff             |    47 |     8 |    67 |    13 ||   135
 Cast: Magic Dart        |   102 |    88 |   307 |    87 ||   584
       Conjure Flame     |       |     4 |    28 |     3 ||    35
       Mephitic Cloud    |       |     3 |    22 |     4 ||    29
       Call Imp          |       |       |     1 |     3 ||     4
       Blink             |       |       |     3 |     2 ||     5
 Stab: Confused          |       |     1 |     4 |     2 ||     7
Armor: Robe              |     9 |       |       |       ||     9
       Leather armour    |     9 |     6 |    45 |    20 ||    80
Dodge: Dodged            |    53 |    15 |    77 |    45 ||   190

Table legend: (Time is in decaauts)
 A = Elapsed time spent in this place.
 B = Non-inter-level travel time spent in this place.
 C = Inter-level travel time spent in this place.
 D = Time resting spent in this place.
 E = Time spent auto-exploring this place.
 F = Levels seen in this place.
 G = Mean time per level.
                   A        B        C        D        E       F      G
               +--------+--------+--------+--------+--------+-----+--------+
         Total |  11400 |  11064 |    336 |   1526 |   8042 |  10 | 1140.0 |
       Dungeon |  11327 |  11009 |    318 |   1526 |   7988 |   9 | 1258.6 |
        Temple |     73 |     55 |     18 |      0 |     54 |   1 |   73.0 |
               +--------+--------+--------+--------+--------+-----+--------+

Top non-repeatable levels by time:
     D:8: 2583 daAuts
     D:1: 1492 daAuts
     D:3: 1353 daAuts
     D:5: 1300 daAuts
     D:6: 1263 daAuts
     D:2: 1082 daAuts
     D:4: 1028 daAuts
     D:7: 965 daAuts
     D:9: 257 daAuts
  Temple: 73 daAuts
